 Dungeon Crawl Stone Soup version 0.31.0-32-g396128a36d (webtiles) character file.

Game seed: 1352538791203583723

93359 Alphaeus the Metamorph (level 15, 0/273 HPs)
             Began as a Troll Shapeshifter on Mar 18, 2024.
             Was the Champion of Qazlal.
             Slain by a tarantella (3 damage)
             ... on level 1 of the Spider Nest.
             The game lasted 00:34:56 (20238 turns).

Alphaeus the Metamorph (Troll Shapeshifter)        Turns: 20238, Time: 00:34:57

Health: 0/273      AC: 20    Str: 31    XL:     15   Next: 60%
Magic:  14/14      EV: 11    Int: 10    God:    Qazlal [******]
Gold:   1676       SH: 13    Dex:  9    Spells: 14/14 levels left

rFire   . .          .
                       - Unarmed
rCold   + + .        (shield currently unavailable)
rNeg    + . .        M - melded +4 steam dragon scales
rPois   +            (helmet currently unavailable)
rElec   +            (cloak currently unavailable)
rCorr   .            (gloves unavailable)
SInv    +            (boots unavailable)
Will    +....        L - amulet of reflection Stlth
                     S - ring of the Coward {rElec rC++ rN+ Str-2 SInv}
HPRegen 1.45/turn    w - +4 ring of protection
MPRegen 0.14/turn

%: repel missiles, reflection
@: berserking, lethally poisoned (0 -> -18), snake-form, protected from physical
damage, slowed
A: constrict, boosted hp, large, unfitting armour, (claws 3), regeneration 1,
(shaggy fur 1), (tough skin 1)
a: Begin Untransformation, Renounce Religion, Upheaval, Elemental Force,
Disaster Area


You were on level 1 of the Spider Nest.
You worshipped Qazlal.
Qazlal was exalted by your worship.
You were an enormous serpent.
You visited 5 branches of the dungeon, and saw 22 of its levels.
You also visited: Sewer and Ice Cave.

You collected 2066 gold pieces.
You spent 390 gold pieces at shops.

Inventory:

Hand Weapons
 i - a +5 broad axe
 n - the +27 heavy crossbow "Sniper" {heavy, Acc+∞ SInv}
   (You found it on level 5 of the Lair of Beasts)

   Acc+∞: It never misses its target.
   SInv:      It lets you see invisible.
Missiles
 N - 2 throwing nets (quivered)
Armour
 M - +4 steam dragon scales (melded)
Jewellery
 d - a +6 ring of dexterity
 u - a ring of flight
 w - a +4 ring of protection (right hand)
 x - a +6 ring of intelligence
 y - a +6 ring of strength
 E - a ring of protection from fire
 L - an amulet of reflection (around neck)
 O - a +6 ring of strength
 R - a ring of protection from cold
 S - the ring of the Coward (left hand) {rElec rC++ rN+ Str-2 SInv}
   (You acquired it on level 14 of the Dungeon)

   [ring of positive energy]

   Str-2:     It affects your strength (-2).
   rC++:      It greatly protects you from cold.
   rElec:     It insulates you from electricity.
   rN+:       It protects you from negative energy.
   SInv:      It lets you see invisible.
 V - a ring of protection from fire
 X - an amulet of regeneration
 Z - a ring of willpower
Talismans
 c - a beast talisman
 U - a serpent talisman (active)
Wands
 e - a wand of quicksilver (11)
 k - a wand of mindburst (8)
 C - a wand of polymorph (26)
 F - a wand of flame (67)
 P - a wand of paralysis (32)
 W - a wand of iceblast (5)
Scrolls
 a - 2 scrolls of enchant weapon
 f - 10 scrolls of teleportation
 g - 9 scrolls of immolation
 o - 5 scrolls of fog
 p - a scroll of enchant armour
 r - 3 scrolls of revelation
 A - 3 scrolls of poison
 I - 2 scrolls of brand weapon
 K - a scroll of torment
 Q - 5 scrolls of identify
 Y - a scroll of silence
Potions
 b - 2 potions of lignification
 l - 8 potions of attraction
 m - a potion of berserk rage
 q - 4 potions of enlightenment
 s - a potion of haste
 t - a potion of magic
 v - 3 potions of mutation {unknown}
 z - 2 potions of curing
 B - a potion of resistance
 D - a potion of ambrosia {unknown}
 G - 5 potions of brilliance
 J - a potion of might
 T - 2 potions of invisibility


   Skills:
 + Level 10.9 Fighting
 * Level 7.6 Dodging
 - Level 16.0 Unarmed Combat
 * Level 2.7 Evocations
 - Level 16.4 Shapeshifting


You had 14 spell levels left.
You didn't know any spells.
Your spell library contained the following spells:

 Spells                   Type           Power      Damage    Failure   Level
 Apportation              Tloc           0%         N/A       36%         1
 Kiss of Death            Conj/Necr      0%         2d5       36%         1
 Magic Dart               Conj           0%         1d3       36%         1
 Necrotise                Necr           0%         1d4       36%         1
 Slow                     Hex            0%         N/A       36%         1
 Sting                    Conj/Alch      0%         1d3       36%         1
 Summon Small Mammal      Summ           0%         N/A       36%         1
 Blink                    Tloc           0%         N/A       50%         2
 Call Imp                 Summ           0%         N/A       50%         2
 Jinxbite                 Hex            0%         N/A       50%         2
 Static Discharge         Conj/Air       0%         3-3/arc   50%         2
 Sublimation of Blood     Necr           0%         N/A       50%         2
 Call Canine Familiar     Summ           0%         N/A       75%         3
 Confusing Touch          Hex            0%         N/A       75%         3
 Frozen Ramparts          Ice            0%         1d1       75%         3
 Sigil of Binding         Hex            0%         N/A       75%         3
 Vampiric Draining        Necr           0%         2d6       75%         3
 Volatile Blastmotes      Fire/Tloc      0%         2d10      75%         3
 Airstrike                Air            0%         2d(0-16)  98%         4
 Brom's Barrelling Bould  Conj/Erth      0%         2d3       98%         4
 Dimensional Bullseye     Hex/Tloc       0%         N/A       98%         4
 Dispel Undead            Necr           0%         3d6       98%         4
 Fulminant Prism          Conj/Alch      0%         3d5       98%         4
 Iskenderun's Mystic Bla  Conj/Tloc      0%         2d3       98%         4
 Leda's Liquefaction      Alch/Erth      0%         N/A       98%         4
 Martyr's Knell           Necr/Summ      0%         N/A       98%         4
 Olgreb's Toxic Radiance  Alch           0%         N/A       98%         4
 Passage of Golubria      Tloc           0%         N/A       98%         4
 Petrify                  Alch/Erth      0%         N/A       98%         4
 Summon Lightning Spire   Summ/Air       0%         N/A       98%         4
 Alistair's Intoxication  Alch           0%         N/A       100%        5
 Borgnjor's Vile Clutch   Necr/Erth      0%         N/A       100%        5
 Curse of Agony           Necr           0%         N/A       100%        5
 Fireball                 Conj/Fire      0%         3d3       100%        5
 Irradiate                Conj/Alch      0%         3d11      100%        5
 Iskenderun's Battlesphe  Conj           0%         2d6       100%        5
 Metabolic Englaciation   Hex/Ice        0%         N/A       100%        5
 Silence                  Hex/Air        0%         N/A       100%        5
 Summon Forest            Summ/Tloc      0%         N/A       100%        5
 Summon Mana Viper        Hex/Summ       0%         N/A       100%        5
 Conjure Ball Lightning   Conj/Air       0%         3x3d6     100%        6
 Eringya's Noxious Bog    Alch           0%         4d6       100%        6
 Summon Cactus Giant      Summ           0%         N/A       100%        6
 Orb of Destruction       Conj           0%         9d5       100%        7
 Ozocubu's Refrigeration  Ice            0%         4d7       100%        7
 Discord                  Hex            0%         N/A       100%        8
 Lehudib's Crystal Spear  Conj/Erth      0%         10d2      100%        8


Dungeon Overview and Level Annotations

Branches:
Dungeon (14/15)            Temple (0/1) D:6            Lair (5/5) D:10
 Shoals (1/4) Lair:2       Spider (1/4) Lair:3        Slime (0/5) Lair:4
    Orc (1/2) D:10         Vaults (0/5) D:13          Sewer (visited)
  IceCv (visited)

Altars:
Ashenzari
Cheibriados
Dithmenos
Elyvilon
Gozag
Hepliaklqana
Kikubaaqudgha
Makhleb
Qazlal
Ru
Wu Jian
Xom
Jiyva
Lugonu

Shops:
D:1 [   D:2 =   D:9 :

Portals:
Abyss: Lair:5


Innate Abilities, Weirdness & Mutations

You are an enormous serpent.
You have a powerful constriction melee attack.
Your maximum health is increased.
Your armour is entirely melded.
You are incapable of wielding weapons or throwing items.
You are too large for most types of armour.
((You have claws for hands.))
Your natural rate of healing is unusually fast.
((You are covered in fur. (AC +1)))
((You have tough skin. (AC +1)))


Message History

You lash the emperor scorpion!
The emperor scorpion is heavily wounded.
You block the tarantella's attack.
The emperor scorpion stings you but does no damage.
The emperor scorpion claws you but does no damage.
The emperor scorpion claws you.
The moth of wrath is engulfed in freezing vapours.
The moth of wrath bites you! The moth of wrath infuriates you!
A red film seems to cover your vision as you go berserk!
You feel yourself moving faster!
You feel mighty! The tarantella touches you! The emperor scorpion stings you!!
* * * LOW HITPOINT WARNING * * *
The emperor scorpion claws you!
* * * LOW HITPOINT WARNING * * *
The emperor scorpion claws you but does no damage.
The moth of wrath is engulfed in freezing vapours.
The moth of wrath barely misses you.
The tarantella touches you but does no damage.
The tarantella is engulfed in freezing vapours.
You are too berserk!
You hit the emperor scorpion but do no damage.
The emperor scorpion is heavily wounded.
You block the emperor scorpion's attack.
The emperor scorpion claws you but does no damage.
The emperor scorpion closely misses you.
The tarantella touches you.
* * * LOW HITPOINT WARNING * * *
You are too berserk!
You body-slam the moth of wrath!!
You kill the moth of wrath!
Qazlal accepts your kill. You block the tarantella's attack.
The emperor scorpion stings you!!
* * * LOW HITPOINT WARNING * * *
You are lethally poisoned!
The emperor scorpion poisons you!
The emperor scorpion claws you but does no damage.
The emperor scorpion claws you!
* * * LOW HITPOINT WARNING * * *
The tarantella touches you.
You die...

#...
....^#####......#
.#..
........#......## .
..^........#...[.#.#
...^####.....##..# #
##.#### ## ##.##
###^# ##...# #s°S##


#sss# #○☼s# ...sw# .....s. .....#... #...#...# #### ...# You could see a
broodmother, an emperor scorpion (berserk), a torpor snail, 2 culicivoras, 2
tarantellas and a redback.

Vanquished Creatures
  Nessos (D:12)
  A white draconian (IceCv)
  Josephine (D:10)
  A merfolk impaler (Shoals:1)
  An entropy weaver (Spider:1)
  A fire dragon (D:14)
  4 vault guards (D:13)
  3 hydras
  Erolcha (D:10)
  3 centaur warriors
  A death knight (D:14)
  4 two-headed ogres
  Erica (Orc:1)
  6 boulder beetles
  Urug (D:11)
  4 death yaks (Lair:3)
  3 thrashing horrors (Lair:5)
  An orc high priest (Orc:1)
  2 skysharks (Lair:5)
  A pharaoh ant (Spider:1)
  A deep elf zephyrmancer (D:13)
  A necromancer (Lair:2)
  4 deep elf pyromancers (D:13)
  2 cyclopes (D:13)
  A moth of wrath (Spider:1)
  5 manticores
  Maurice (D:8)
  15 elephants
  2 large abominations (Lair:5)
  8 ugly things
  2 ice statues (IceCv)
  Joseph (D:8)
  3 smoke demons (Lair:5)
  5 black mambas
  5 gargoyles
  16 cane toads
  An efreet (D:13)
  5 rime drakes
  2 torpor snails
  12 komodo dragons
  7 trolls
  A merfolk (Shoals:1)
  A queen bee (shapeshifter) (D:13)
  3 polar bears
  3 tarantellas (Spider:1)
  7 hornets
  22 dream sheep
  2 raiju (Lair:5)
  14 blink frogs
  A jumping spider (Spider:1)
  6 slime creatures (D:12)
  A shadow (D:10)
  2 culicivoras (Lair:3)
  6 wraiths
  5 wyverns
  A vampire (D:11)
  A spriggan (Lair:5)
  51 yaks
  4 ynoxinuls (Lair:5)
  13 basilisks
  A warg (Orc:1)
  3 steam dragons
  6 vampire mosquitoes (D:13)
  10 redbacks
  A chaos spawn (Lair:5)
  12 water moccasins
  Duvessa (D:7)
  14 orc warriors
  A black bear (D:5)
  2 ice beasts
  6 sky beasts
  A laughing skull (D:13)
  A wolf (shapeshifter) (D:14)
  4 ogres
  4 wolves (Lair:4)
  9 centaurs
  3 phantoms
  A brain worm (Sewer)
  16 bullfrogs
  7 scorpions
  A gnoll sergeant (D:12)
  11 small abominations (Lair:5)
  22 wights
  Dowan (D:7)
  4 lindwurm simulacra (IceCv)
  8 howler monkeys
  6 komodo dragon simulacra (IceCv)
  10 orc priests
  7 jellies
  2 bombardier beetles
  A gnoll bouda (D:7)
  4 hounds
  2 sleepcaps
  Jessica (D:3)
  An iguana (D:5)
  18 orc wizards
  2 polar bear simulacra (Lair:2)
  4 wolf simulacra (Lair:2)
  3 yak simulacra (Lair:2)
  15 gnolls
  3 acid dragon simulacra (IceCv)
  21 adders
  4 river rats
  A shadow imp (D:7)
  13 white imps
  2 ufetubi (D:7)
  8 steam dragon simulacra (IceCv)
  6 dart slugs
  3 ribbon worms
  52 orcs
  5 ball pythons
  19 bats
  5 endoplasms
  5 giant cockroaches (D:3)
  6 goblins
  9 hobgoblins
  7 jackals
  10 kobolds
  4 quokkas
  5 frilled lizards
  3 rats
  2 river rat simulacra (Lair:2)
  2 butterflies (Lair:5)
705 creatures vanquished.

Vanquished Creatures (others)
  A merfolk aquamancer (Shoals:1)
  A merfolk (Shoals:1)
  An orc (D:8)
3 creatures vanquished.

Grand Total: 708 creatures vanquished

Notes
Turn   | Place    | Note
-------+----------+-------------------------------------------
     0 | D:1      | Alphaeus the Troll Shapeshifter began the quest for the
                  | Orb.
     0 | D:1      | Reached XP level 1. HP: 18/18 MP: 0/0
    43 | D:1      | Found Exexeg's Armour Shoppe.
   115 | D:1      | Reached skill level 1 in Fighting
   161 | D:1      | Reached XP level 2. HP: 27/27 MP: 1/1
   361 | D:1      | Reached XP level 3. HP: 33/33 MP: 2/2
  1004 | D:2      | Identified the +7 sling of the Lusting Gods {freeze,
                  | Stlth+}
  1010 | D:2      | Found a faded altar of an unknown god.
  1086 | D:2      | Found Dishec's Jewellery Shoppe.
  1319 | D:2      | Reached XP level 4. HP: 41/41 MP: 3/3
  2033 | D:3      | Noticed a scorpion
  2043 | D:3      | Killed a scorpion
  2044 | D:3      | Reached XP level 5. HP: 21/49 MP: 4/4
  2106 | D:3      | Found a glowing drain.
  2113 | Sewer    | Entered a sewer
  2245 | Sewer    | Reached XP level 6. HP: 53/57 MP: 5/5
  2461 | Sewer    | Reached skill level 5 in Unarmed Combat
  2841 | D:3      | Noticed Jessica
  2843 | D:3      | Killed Jessica
  2844 | D:3      | Reached skill level 5 in Shapeshifting
  2929 | D:3      | Found a burning altar of Makhleb.
  3260 | D:4      | Noticed an ice beast
  3270 | D:4      | Killed an ice beast
  3271 | D:4      | Reached XP level 7. HP: 66/66 MP: 6/6
  3680 | D:5      | Entered Level 5 of the Dungeon
  3791 | D:5      | Reached XP level 8. HP: 75/75 MP: 7/7
  3955 | D:5      | Found a broken altar of Ashenzari.
  4375 | D:6      | Reached XP level 9. HP: 84/84 MP: 8/8
  4494 | D:6      | Found an ancient bone altar of Kikubaaqudgha.
  4582 | D:6      | Found a stormy altar of Qazlal.
  4632 | D:6      | Became a worshipper of Qazlal Stormbringer
  4747 | D:6      | Found a staircase to the Ecumenical Temple.
  5231 | D:7      | Found a white marble altar of Elyvilon.
  5255 | D:7      | Noticed Dowan
  5255 | D:7      | Noticed Duvessa
  5284 | D:7      | HP: 4/85 [wyvern (13)]
  5288 | D:7      | Killed Duvessa
  5293 | D:7      | Killed Dowan
  5530 | D:7      | Found a sacrificial altar of Ru.
  5572 | D:7      | Reached skill level 5 in Fighting
  5881 | D:7      | Reached * piety under Qazlal
  6270 | D:2      | Bought an amulet of reflection for 390 gold pieces
  6360 | D:8      | Noticed Maurice
  6380 | D:8      | Maurice stole 5 gold
  6382 | D:8      | Killed Maurice
  6383 | D:8      | Reached XP level 10. HP: 86/96 MP: 9/9
  6399 | D:8      | Found an opulent altar of Gozag.
  6452 | D:8      | Noticed Joseph
  6470 | D:8      | Killed Joseph
  6471 | D:8      | Reached skill level 10 in Unarmed Combat
  6841 | D:8      | Reached ** piety under Qazlal
  7007 | D:8      | Found a shimmering altar of Xom.
  7223 | D:9      | Found Tesad's Book Shop.
  7223 | D:9      | Noticed a two-headed ogre
  7228 | D:9      | Killed a two-headed ogre
  7229 | D:9      | Reached skill level 10 in Shapeshifting
  7409 | D:9      | Found a flagged portal.
  8012 | D:9      | Found a hazy altar of Hepliaklqana.
  8116 | D:10     | Entered Level 10 of the Dungeon
  8245 | D:10     | Found an ornate altar of the Wu Jian Council.
  8245 | D:10     | Noticed Erolcha
  8255 | D:10     | Killed Erolcha
  8256 | D:10     | Reached XP level 11. HP: 104/107 MP: 10/10
  8337 | D:10     | Found a snail-covered altar of Cheibriados.
  8665 | D:10     | Found a staircase to the Lair.
  8829 | D:10     | Reached *** piety under Qazlal
  8928 | D:10     | Found a shadowy altar of Dithmenos.
  9031 | D:10     | Found a staircase to the Orcish Mines.
  9124 | D:10     | Identified a scroll of acquirement
  9348 | D:11     | Noticed Urug
  9363 | D:11     | Killed Urug
 10224 | Lair:1   | Entered Level 1 of the Lair of Beasts
 10320 | Lair:1   | Reached XP level 12. HP: 69/118 MP: 11/11
 10396 | Lair:1   | Reached **** piety under Qazlal
 11278 | Lair:2   | Found a staircase to the Shoals.
 11514 | Lair:2   | You fall into a shaft and drop 2 floors!
 11526 | Lair:4   | Reached ***** piety under Qazlal
 12107 | Lair:2   | Reached XP level 13. HP: 128/128 MP: 12/12
 13101 | Lair:3   | Found a hole to the Spider Nest.
 13656 | Lair:4   | Reached skill level 15 in Unarmed Combat
 13896 | Lair:4   | Reached ****** piety under Qazlal
 14109 | Lair:4   | Found a viscous altar of Jiyva.
 14110 | Lair:4   | Found a staircase to the Slime Pits.
 14366 | Lair:5   | Entered Level 5 of the Lair of Beasts
 14411 | Lair:5   | Reached XP level 14. HP: 32/140 MP: 13/13
 14539 | Lair:5   | Found a frozen archway.
 14569 | IceCv    | Entered an ice cave
 15364 | Lair:5   | Reached skill level 15 in Shapeshifting
 15909 | Lair:5   | Found the +27 heavy crossbow "Sniper" {heavy, Acc+∞ SInv}
 15910 | Lair:5   | Found a corrupted altar of Lugonu.
 15910 | Lair:5   | Found a one-way gate to the infinite horrors of the Abyss.
 16369 | Lair:5   | Reached skill level 10 in Fighting
 16882 | D:12     | Found an ornate altar of the Wu Jian Council.
 16907 | D:12     | Noticed Nessos
 16916 | D:12     | Killed Nessos
 17185 | D:12     | Identified the +1 robe of Hangman {*Corrode ^Drain rF++
                  | Dex+3}
 17208 | D:12     | Reached skill level 5 in Dodging
 17815 | D:13     | Found a gate to the Vaults.
 17866 | D:13     | Reached XP level 15. HP: 136/150 MP: 14/14
 18203 | D:13     | Found a transporter.
 18209 | D:13     | Found a transporter.
 19244 | D:14     | Acquired the ring of the Coward {rElec rC++ rN+ Str-2 SInv}
 19388 | Orc:1    | Entered Level 1 of the Orcish Mines
 19388 | Orc:1    | Noticed Josephine
 19394 | D:10     | Killed Josephine
 19421 | Orc:1    | Noticed Erica
 19426 | D:10     | Reached skill level 1 in Evocations
 19506 | Orc:1    | Killed Erica
 19883 | Shoals:1 | Entered Level 1 of the Shoals
 19904 | Shoals:1 | HP: 4/182 [snapping turtle (6)]
 20095 | Spider:1 | Entered Level 1 of the Spider Nest
 20229 | Spider:1 | Noticed an emperor scorpion
 20238 | Spider:1 | HP: 13/273 [emperor scorpion (30)]
 20238 | Spider:1 | HP: 3/273 [emperor scorpion (10)]
 20238 | Spider:1 | Slain by a tarantella

Illustrated notes

Levels and vault maps discovered:
D:1:      roderic_crossed_star, layout_basic, serial_shops, shop,
          nicolae_hexahallways
D:2:      layout_basic, serial_shops, nicolae_shop_gaudy_bauble,
          hellmonk_ecumenical_altar_lost_god
D:3:      layout_loops_ring, bloody_makhleb, gup_sewer_entry_spiral,
          uniq_jessica
D:4:      layout_rooms
D:5:      layout_cave_pools, nicolae_ashenzari_panopticon
D:6:      hangedman_cross_stitches, layout_gridville,
          mainiacjoe_overflow_small_starburst, mainiacjoe_overflow_alcove_2,
          minmay_temple_entry_trees
D:7:      layout_basic, overflow_temple_1_default, nicolae_elyvilon_temple_path,
          serial_library_hellmonk_big_corner, uniq_duvessa
D:8:      layout_basic, kennysheep_mini, mainiacjoe_overflow_boulevard,
          minmay_fractal_squares_diagonal_5, uniq_maurice, uniq_joseph
D:9:      layout_basic, mainiacjoe_overflow_alcove_1, serial_shops,
          nicolae_shop_peninsula, enter_bailey_8
D:10:     layout_roguey, mainiacjoe_overflow_tiny_flanked,
          grunt_dithmenos_shadows, amcnicky_altar_gilded, erik_lair_dragon,
          david_orc_4, uniq_erolcha
D:11:     layout_cave_pods, hangedman_decor_clover_reticule, uniq_urug
D:12:     layout_cave_pods, nicolae_wu_jian_wuxing_cycle, uniq_nessos
D:13:     gammafunk_boulding_lane, layout_stronghold,
          lightli_vaults_fourway_checkpoint, hangedman_abyss_or_decor_stabs,
          billiards_dpeg
D:14:     layout_rooms, dreamdust_wasp_nest
Lair:1:   layout_long_grid, st_stairs_3, grunt_megastairs_3
Lair:2:   layout_small_grid, shoals_dummy_entry, eino_house_with_fridge
Lair:3:   layout_long_grid, spider_nest_entry_funnel_web
Lair:4:   layout_roguey, slime_entry_1
Lair:5:   hellmonk_lair_end_abyssal_woods, layout_regular_city,
          portal_ice_cave_entry_imps, lemuel_fruit_tree, lemuel_fruit_fields
Shoals:1: layout_shoals, ebering_ghost_gozag, nicolae_shoals_mertower
Spider:1: layout_chambers, nicolae_spider_claw_tunnel
Orc:1:    layout_caves, uniq_erica, uniq_josephine

Skill      XL: |  1  2  3  4  5  6  7  8  9 10 11 12 13 14 15 |
---------------+----------------------------------------------+-----
Fighting       | 1 2 3 4 5 6 7 8 9 10 | 10.9
Unarmed Combat | 4 5 6 8 9 11 12 14 15 16 | 16.0
Shapeshifting  | 4 5 6 7 9 10 11 13 14 15 16 | 16.4
Dodging        | 5 7 |  7.6
Evocations     | 2 |  2.7

Action                     |  1- 3 |  4- 6 |  7- 9 | 10-12 | 13-15 || total
---------------------------+-------+-------+-------+-------+-------++-------
  Melee: Unarmed           |    59 |   178 |   250 |   519 |   793 ||  1799
         Punch             |     1 |     4 |     9 |    33 |     1 ||    48
         Constrict         |       |       |       |       |   163 ||   163
    Use: Potion            |       |       |     3 |     1 |     5 ||     9
         Scroll            |       |       |       |    21 |    12 ||    33
   Stab: Sleeping          |     1 |     4 |     1 |       |       ||     6
 Armour: Animal skin       |    34 |   111 |   134 |    17 |       ||   296
         Skin              |       |       |    24 |       |   522 ||   546
         Steam dragon scal |       |       |       |   357 |    31 ||   388
  Dodge: Dodged            |    25 |    82 |   110 |   169 |   300 ||   686
         Repelled          |       |       |       |       |     4 ||     4
  Block: Other             |       |       |     2 |   151 |   341 ||   494
         Reflection        |       |       |       |     8 |    14 ||    22
   Form: Beast             |       |       |       |     1 |       ||     1
         Maw               |       |       |       |     1 |       ||     1
         Serpent           |       |       |       |       |     1 ||     1
